 Dungeon Crawl Stone Soup version 0.27.1-34-g3ba077fa99 (webtiles) character file.

Game seed: 18135260154791935932

2464 ticklebelly the Fighter (level 9, -3/127 HPs)
             Began as a Minotaur Berserker on Jan 7, 2022.
             Was a Priest of Trog.
             Succumbed to a killer bee's poison
             ... on level 6 of the Dungeon.
             The game lasted 00:09:50 (6431 turns).

ticklebelly the Fighter (Minotaur Berserker)        Turns: 6431, Time: 00:09:50

Health: -3/127     AC: 11    Str: 25    XL:     9   Next: 26%
Magic:  8/8        EV:  9    Int:  4    God:    Trog [***...]
Gold:   459        SH:  0    Dex: 10    Spells: 8/8 levels left

rFire    . . .     SeeInvis .   a - +0 hand axe
rCold    . . .     Faith    .   (no shield)
rNeg     . . .     Spirit   .   h - +0 chain mail
rPois    .         Reflect  .   (helmet restricted)
rElec    .         Harm     .   (no cloak)
rCorr    .         Rampage  .   (no gloves)
Will     +++..                  (no boots)
Stlth    ..........             (no amulet)
HPRegen  1.31/turn              t - ring of willpower
MPRegen  0.11/turn              (no ring)

@: berserking, lethally poisoned (-3 -> -21), strong-willed, regenerating, very
quick
A: horns 2, retaliatory headbutt
a: Renounce Religion, Berserk, Trog's Hand


You were on level 6 of the Dungeon.
You worshipped Trog.
Trog was most pleased with you.
You visited 1 branch of the dungeon, and saw 6 of its levels.
You also visited: Ossuary.

You collected 459 gold pieces.

Inventory:

Hand Weapons
 a - a +0 hand axe (weapon)
Missiles
 B - a throwing net (quivered)
Armour
 e - a +0 buckler
 h - a +0 chain mail (worn)
Jewellery
 t - a ring of willpower (left hand)
Wands
 i - a wand of flame (18)
 q - a wand of iceblast (11)
 C - a wand of digging (1)
Scrolls
 c - 2 scrolls of fog {unknown}
 d - a scroll of enchant armour {unknown}
 f - 2 scrolls of amnesia {unknown}
 g - 7 scrolls of identify {unknown}
 j - 3 scrolls of immolation {unknown}
 k - 2 scrolls of noise {unknown}
 m - 3 scrolls of teleportation {unknown}
 n - 5 scrolls of blinking {unknown}
 o - a scroll of vulnerability {unknown}
 r - 2 scrolls of silence {unknown}
 u - a scroll of enchant weapon {unknown}
 y - a scroll of holy word {unknown}
Potions
 b - 7 potions of brilliance {unknown}
 l - 4 potions of might {unknown}
 p - a potion of degeneration {unknown}
 s - 3 potions of curing {unknown}
 v - a potion of heal wounds {unknown}
 w - a potion of haste {unknown}
 x - 3 potions of attraction {unknown}
 z - a potion of flight {unknown}
 A - a potion of ambrosia
 D - a potion of resistance {unknown}


   Skills:
 + Level 9.7 Fighting
 + Level 9.7 Axes
 + Level 8.2 Armour
 - Level 2.1 Dodging


You had 8 spell levels left.
You didn't know any spells.
Your spell library was empty.

Dungeon Overview and Level Annotations

Branches:
Dungeon (6/15)             Temple (0/1) D:5         Ossuary (visited)

Altars:
Cheibriados
Fedhas
Ru
Wu Jian
Yredelemnul
The Shining One

Shops:
D:5 *

Annotations:
D:6 1 transporter, Melissa's ghost, amateur FeAr


Innate Abilities, Weirdness & Mutations

You have a pair of horns on your head.
You reflexively headbutt those who attack you in melee.


Message History

A red film seems to cover your vision as you go berserk!
You feel yourself moving faster!
You feel mighty!
You feel very sick. The killer bee barely misses you.
The killer bee stings you but does no damage.
The killer bee misses you. The killer bee closely misses you.
The killer bee stings you.
* * * LOW HITPOINT WARNING * * *
The killer bee barely misses you. You furiously retaliate!
You headbutt the killer bee!!
You kill the killer bee!
Trog accepts your kill.
You are too injured to fight recklessly!
You are too injured to fight recklessly!
You closely miss the killer bee.
The killer bee is severely wounded.
You barely miss the killer bee.
You feel very sick. The killer bee stings you.
* * * LOW HITPOINT WARNING * * *
You are lethally poisoned!
The killer bee poisons you! The killer bee closely misses you.
The killer bee stings you.
* * * LOW HITPOINT WARNING * * *
The killer bee closely misses you.
You slash the killer bee!
You kill the killer bee!
Trog accepts your kill.
You hit the killer bee. You closely miss the killer bee.
* * * LOW HITPOINT WARNING * * *
You feel sick. The killer bee stings you.
* * * LOW HITPOINT WARNING * * *
You are more poisoned.
The killer bee poisons you! The killer bee stings you.
* * * LOW HITPOINT WARNING * * *
You are too berserk!
You miss the killer bee.
The killer bee is almost dead.
You miss the killer bee.
You die...

####....####.........#
#....###..........#
#....##...........##
#######............>......
#..........###............
#.#####.....##......).....
#.##.......©...........###
#.#..#############.....##
#...#####@†©..#####.....##
#..###..y#y..#...###......
#..##..#W.###..#.(##....##
#..###...#...#...###.....#
#...#####..# .#####.......
##.###...#.yy#.#.###...###
#.##..#!.###..#..##..## #
#.###...#.y.#y..###..# #
#..#####$yWyy#####...# #


You could see 2 killer bees and Melissa's ghost.

Vanquished Creatures
  The ghost of MrBishop the Cudgeller, a novice TrBe of Trog (D:5)
  Grinder (D:5)
  3 ice beasts
  Purgy (D:3)
  A black bear (D:6)
  A sky beast (D:5)
  An ogre (D:6)
  A centaur (D:5)
  Blork the orc (D:5)
  A bullfrog (D:6)
  A gnoll sergeant (D:6)
  2 killer bees (D:6)
  2 howler monkeys
  A crimson imp (D:4)
  4 hounds
  A centaur skeleton (D:6)
  3 jellies (D:6)
  2 bullfrog skeletons
  An orc priest (D:6)
  Ijyb (D:4)
  Terence (D:3)
  5 iguanas
  A killer bee zombie (D:5)
  9 mummies
  3 gnolls (D:6)
  A howler monkey skeleton (D:6)
  4 adders
  A shadow imp (D:6)
  2 white imps
  An ufetubus (D:5)
  A worm (D:2)
  A dart slug (D:1)
  7 orcs
  7 ball pythons
  5 bats
  5 endoplasms
  4 giant cockroaches
  4 goblins
  5 hobgoblins
  5 kobolds
  3 frilled lizards
  3 hobgoblin zombies (Ossuary)
  3 kobold zombies (Ossuary)
  2 orc zombies (Ossuary)
  6 rats
119 creatures vanquished.

Vanquished Creatures (others)
  A goblin (D:3)
1 creature vanquished.

Grand Total: 120 creatures vanquished

Notes
Turn   | Place    | Note
-------+----------+-------------------------------------------
     0 | D:1      | ticklebelly the Minotaur Berserker began the quest for the
                  | Orb.
     0 | D:1      | Reached XP level 1. HP: 19/19 MP: 0/0
   144 | D:1      | Reached XP level 2. HP: 21/27 MP: 1/1
   585 | D:1      | Found a faded altar of an unknown god.
   900 | D:2      | Reached XP level 3. HP: 33/34 MP: 2/2
   924 | D:2      | Reached ** piety under Trog
  1427 | D:3      | Noticed Purgy
  1439 | D:3      | Killed Purgy
  1440 | D:3      | Reached skill level 5 in Fighting
  1440 | D:3      | Reached skill level 5 in Axes
  1440 | D:3      | Reached XP level 4. HP: 31/42 MP: 3/3
  1440 | D:3      | Reached XP level 5. HP: 35/48 MP: 4/4
  1746 | D:3      | Found a snail-covered altar of Cheibriados.
  1785 | D:3      | Found a sacrificial altar of Ru.
  1874 | D:3      | Noticed Terence
  1881 | D:3      | Killed Terence
  2555 | D:4      | Noticed Ijyb
  2563 | D:4      | Killed Ijyb
  2880 | D:4      | Reached XP level 6. HP: 55/57 MP: 5/5
  3027 | D:4      | Found an ornate altar of the Wu Jian Council.
  3245 | D:5      | Entered Level 5 of the Dungeon
  3272 | D:5      | Noticed Grinder
  3282 | D:5      | Killed Grinder
  3376 | D:5      | Found a sand-covered staircase.
  3388 | D:5      | Reached XP level 7. HP: 49/64 MP: 6/6
  3450 | Ossuary  | Entered an ossuary
  3644 | Ossuary  | Reached *** piety under Trog
  4047 | D:5      | Found Uphacrische's Elemental Accessories.
  4049 | D:5      | Noticed Blork the orc
  4062 | D:5      | Killed Blork the orc
  4063 | D:5      | Reached skill level 5 in Armour
  4210 | D:5      | Found a runed translucent door.
  4210 | D:5      | Noticed MrBishop's ghost (novice TrBe)
  4229 | D:5      | Killed MrBishop's ghost
  4230 | D:5      | Reached XP level 8. HP: 74/74 MP: 7/7
  4574 | D:5      | Found a staircase to the Ecumenical Temple.
  5420 | D:6      | Noticed Melissa's ghost (amateur FeAr)
  5468 | D:6      | Reached XP level 9. HP: 73/83 MP: 8/8
  5944 | D:6      | Found a transporter.
  5949 | D:6      | Found a transporter.
  6002 | D:6      | Found a basalt altar of Yredelemnul.
  6136 | D:6      | Found a glowing golden altar of the Shining One.
  6213 | D:6      | Identified the +1 robe of Qazlal's Scorn {Fly rElec Will-
                  | Dex-3}
  6287 | D:6      | Found a blossoming altar of Fedhas.
  6293 | D:6      | Reached **** piety under Trog
  6430 | D:6      | HP: 1/127 [killer bee (6)]
  6431 | D:6      | Succumbed to a killer bee's poison

Illustrated notes

Levels and vault maps discovered:
D:1:      minmay_arrival_hallway, layout_rooms, chequers_ecumenical_altar_grove
D:2:      layout_loops_ring
D:3:      layout_loops_corners, mainiacjoe_overflow_big_doors, uniq_terence,
          uniq_purgy
D:4:      layout_loops_ring, mainiacjoe_overflow_six_doors_small,
          minmay_fire_ice_demons, uniq_ijyb
D:5:      layout_loops_ring, minmay_temple_entry_slanted,
          hellmonk_ghost_happy_afterlife, gup_ossuary_entry_pyramid,
          nicolae_elemental_shop, minmay_holes, uniq_grinder, uniq_blork_the_orc
D:6:      layout_rooms, mainiacjoe_overflow_cross_hatched,
          mainiacjoe_overflow_surrounded_room, lemuel_coloured_pillars_altar,
          gammafunk_ghost_hive, minmay_misc_feat_five, kennysheep_generic_room_7

Skill      XL: |  1  2  3  4  5  6  7  8  9 |
---------------+----------------------------+-----
Fighting       | 4 5 6 7 9 |  9.7
Axes           | 4 5 6 7 9 |  9.7
Armour         | 3 4 5 7 8 |  8.2
Dodging        | |  2.1

Action                   |  1- 3 |  4- 6 |  7- 9 || total
-------------------------+-------+-------+-------++-------
Melee: Hand axe          |    67 |    83 |   239 ||   389
       Headbutt          |    10 |    15 |    52 ||    77
Invok: Berserk           |     1 |     1 |     4 ||     6
       Trog's Hand       |       |       |     3 ||     3
Armor: Ring mail         |     7 |       |       ||     7
       Animal skin       |     1 |       |       ||     1
       Chain mail        |    36 |    27 |    95 ||   158
Dodge: Dodged            |    38 |    31 |   105 ||   174
